 Dungeon Crawl Stone Soup version 0.32-a0-768-g0f6f1dd4b9 (webtiles) character file.

Game seed: 3373408609566048409

11 Dirtsage the Slasher (level 2, -1/24 HPs)
             Began as a Demonspawn Monk on Mar 18, 2024.
             Slain by a gnoll
             ... wielding a +0 flail
              (7 damage)
             ... on level 1 of the Dungeon.
             The game lasted 00:01:15 (932 turns).

Dirtsage the Slasher (Demonspawn Monk)               Turns: 932, Time: 00:01:16

Health: -1/24      AC:  4    Str: 11    XL:     2   Next: 13%
Magic:  2/2        EV: 11    Int: 10    God:
Gold:   62         SH:  0    Dex: 15    Spells: 1/1 levels left

rFire   . . .        a - +0 falchion
rCold   . . .        (no shield)
rNeg    . . .        b - +0 robe
rPois   .            (no helmet)
rElec   .            (no cloak)
rCorr   .            h - +1 pair of gloves
SInv    .            (no boots)
Will    .....        f - amulet of magic regeneration
Stlth   +            (no ring)
HPRegen 0.24/turn    (no ring)
MPRegen 0.48/turn

%: no passive effects
@: no status effects
A: demonic touch 1
a: no special abilities


You were on level 1 of the Dungeon.
You visited 1 branch of the dungeon, and saw 2 of its levels.

You collected 62 gold pieces.

Inventory:

Hand Weapons
 a - a +0 falchion (weapon)
Armour
 b - a +0 robe (worn)
 d - an orb of light
 h - a +1 pair of gloves (worn)
Jewellery
 f - an amulet of magic regeneration (around neck)
Scrolls
 g - 3 scrolls of enchant armour {unknown}
Potions
 c - a potion of ambrosia
 e - a potion of degeneration {unknown}


   Skills:
 - Level 3.0 Fighting
 + Level 3.3 Long Blades
 - Level 2.6 Dodging


You had one spell level left.
You didn't know any spells.
Your spell library was empty.

Dungeon Overview and Level Annotations

Branches:
Dungeon (2/15)

Altars:


Innate Abilities, Weirdness & Mutations

Your touch may inflict minor irresistible damage on your foes.


Message History

The goblin shouts!
The ball python hisses angrily.
You hear a shout! x2
There is a stone staircase leading up here.
You hit the ball python.
The ball python is severely wounded.
The ball python bites you.
A gnoll comes into view. It is wielding a +0 flail.
You take 2 damage, and have 22/24 hp.
You closely miss the ball python.
The ball python is severely wounded.
The ball python barely misses you. The ball python grabs you.
The ball python constricts you.
You take 2 damage, and have 20/24 hp.
You hit the ball python.
You kill the ball python!
A gnoll comes into view. It is wielding a +2 vampiric spear.
You slash the goblin!
You kill the goblin!
Found an escape hatch in the ceiling.
You start removing your armour.
You continue removing your orb of light. x3
The gnoll hits you but does no damage.
You continue removing your orb of light.
HP restored.
The gnoll completely misses you.
The gnoll hits you from afar with a +2 vampiric spear.
You finish removing your orb of light.
You take 1 damage, and have 22/24 hp.
You barely miss the gnoll. The gnoll misses you. The gnoll closely misses you.
The gnoll hits you with a +0 flail! The gnoll closely misses you.
There is an escape hatch in the ceiling, spattered with blood here.
You take 8 damage, and have 14/24 hp.
MASSIVE DAMAGE!!
The gnoll hits you from afar with a +2 vampiric spear!
* * * LOW HITPOINT WARNING * * *
A mysterious force pulls you upwards. The hatch slams shut behind you.
You take 6 damage, and have 8/24 hp.
MASSIVE DAMAGE!!
You barely miss the gnoll. The gnoll closely misses you.
You slash the gnoll!
The gnoll is heavily wounded.
The gnoll hits you with a +0 flail.
* * * LOW HITPOINT WARNING * * *
The gnoll hits you with a +0 flail!
You die...

.####.###.#.#############.#....#
.# #.# #.#.# #.#....# .# #.#
#.#.# #.####### .# #.#
#.#.#############.# #. .# #.#
#.#.............#.######. .# #.#
#.#############.#........ ##
##.###........#...............
#........................#....
#############@#......#.#.#.###
#g##.....#.#.#†#..
#.##.###.#.#.#.##.
#.##.......#.#.##.
#.######.#...#.##. #.#
#.....#.### #.########.###.###
#............#....
##########.#.#.###


You could see a gnoll.

Vanquished Creatures
  A ball python (D:2)
  A bat (D:1)
  An endoplasm (D:1)
  3 goblins
  A hobgoblin (D:1)
  A frilled lizard (D:1)
  2 rats (D:1)
10 creatures vanquished.

Notes
Turn   | Place    | Note
-------+----------+-------------------------------------------
     0 | D:1      | Dirtsage the Demonspawn Monk began the quest for the Orb.
     0 | D:1      | Reached XP level 1. HP: 18/18 MP: 1/1
   832 | D:1      | Gained mutation: Your touch may inflict minor irresistible
                  | damage on your foes. [demonic ancestry]
   832 | D:1      | Reached XP level 2. HP: 24/24 MP: 2/2
   932 | D:1      | Slain by a gnoll

Illustrated notes

Levels and vault maps discovered:
D:1:      minmay_arrival_semitransparent, layout_basic, feat_on_display
D:2:      minmay_skewed_foursquare, layout_basic, ebering_ecumenical_altar_rust,
          basic_altar

Skill      XL: |  1 |
---------------+----+-----
Long Blades    | 3 |  3.3
Fighting       | |  3.0
Dodging        | |  2.6

Action                     || total
---------------------------++-------
  Melee: Falchion          ||    26
 Armour: Robe              ||    13
  Dodge: Dodged            ||    17

Table legend: (Time is in decaauts)
 A = Elapsed time spent in this place.
 B = Non-inter-level travel time spent in this place.
 C = Inter-level travel time spent in this place.
 D = Time resting spent in this place.
 E = Time spent auto-exploring this place.
 F = Levels seen in this place.
 G = Mean time per level.
                   A        B        C        D        E       F      G
               +--------+--------+--------+--------+--------+-----+--------+
         Total |    935 |    934 |      1 |      0 |    843 |   2 |  467.5 |
       Dungeon |    935 |    934 |      1 |      0 |    843 |   2 |  467.5 |
               +--------+--------+--------+--------+--------+-----+--------+

Top non-repeatable levels by time:
     D:1: 912 daAuts
     D:2: 22 daAuts
